 Dungeon Crawl Stone Soup version 0.24.1 (webtiles) character file.

Game seed: 4287878767840425157, levelgen mode: deterministic

70 Destapler the Shield-Bearer (level 4, -4/58 HPs)
             Began as a Minotaur Fighter on Mar 26, 2020.
             Killed from afar by an orc wizard (6 damage)
             ... with a puff of flame
             ... on level 3 of the Dungeon.
             The game lasted 00:03:00 (927 turns).

Destapler the Shield-Bearer (Minotaur Fighter)       Turns: 927, Time: 00:03:01

Health: -4/58      AC:  6    Str: 25    XL:     4   Next: 3%
Magic:  3/3        EV:  7    Int:  5    God:
Gold:   43         SH: 10    Dex: 11    Spells: 3/3 levels left

rFire    . . .     SeeInvis .   a - +0 flail
rCold    . . .     Gourm    .   c - +0 shield
rNeg     . . .     Faith    .   b - +0 scale mail
rPois    .         Spirit   .   (helmet restricted)
rElec    .         Reflect  .   (no cloak)
rCorr    .         Harm     .   (no gloves)
MR       .....                  (no boots)
Stlth    ..........             (no amulet)
HPRegen  0.19/turn              (no ring)
MPRegen  0.08/turn              (no ring)

@: berserking, lethally poisoned (-4 -> -5), very quick
A: retaliatory headbutt, horns 2
a: no special abilities


You were on level 3 of the Dungeon.
You were not hungry.

You visited 1 branch of the dungeon, and saw 4 of its levels.

You collected 43 gold pieces.

Inventory:

Hand Weapons
 a - a +0 flail (weapon)
Missiles
 e - 31 stones (quivered)
Armour
 b - a +0 scale mail (worn)
 c - a +0 shield (worn)
Scrolls
 l - a scroll of random uselessness {unknown}
 m - 3 scrolls of enchant armour {unknown}
Potions
 d - a potion of might
 g - a potion of berserk rage
 i - 2 potions of agility {unknown}
 j - a potion of curing {unknown}
 k - a potion of flight {unknown}
Comestibles
 f - 3 rations
 h - 2 chunks of flesh


   Skills:
 - Level 3.6 Fighting
 + Level 4.1 Maces & Flails
 - Level 3.6 Armour
 + Level 4.9 Shields


You had 3 spell levels left.
You didn't know any spells.
Your spell library was empty.

Dungeon Overview and Level Annotations

Branches:
Dungeon (4/15)
 Temple: D:4-7

Altars:


Innate Abilities, Weirdness & Mutations

You reflexively headbutt those who attack you in melee.
You have a pair of horns on your head.


Message History

You miss something.
* * * LOW HITPOINT WARNING * * *
You feel sick. You block the orc's attack. x2
You hear some strange, mumbled words.
A puff of flame appears from out of thin air!
You block the puff of flame. You block the orc's attack.
The orc closely misses you. You furiously retaliate!
You headbutt the orc!
You kill the orc!
You have reached level 4!
You feel agile.
You sock the orc!
You kill the orc!
The orc hits you but does no damage. Something hits you but does no damage.
The orc barely misses you. You block the orc's attack.
You are too berserk!
You barely miss something.
You hear some strange, mumbled words.
A puff of flame appears from out of thin air!
The puff of flame hits you.
You die...

....##.##..
..........#####.##......
....#.....##............
#...#.....##..........##.
#........................
#....>#.................
.##....#.#...............
.......#.#.#....{)....#.>
............<..o@).(...(.
.##.......#....ooo.......
# #.##...................
#.#$...................
#................#%.[..
..##...........#..##...
...###.##..........# .!
.#. ..##.........). .
....... ....


You could see 4 orcs.

Vanquished Creatures
  A worker ant (D:4)
  An adder (D:3)
  A worm (D:1)
  2 dart slugs (D:1)
  A leopard gecko (D:1)
  4 orcs (D:3)
  2 giant cockroaches
  4 goblins
  A hobgoblin (D:3)
  A kobold (D:1)
  A ball python (D:4)
  3 bats (D:1)
  6 rats (D:1)
28 creatures vanquished.

Notes
Turn   | Place    | Note
-------+----------+-------------------------------------------
     0 | D:1      | Destapler the Minotaur Fighter began the quest for the Orb.
     0 | D:1      | Reached XP level 1. HP: 19/19 MP: 0/0
   215 | D:1      | Reached XP level 2. HP: 18/26 MP: 1/1
   866 | D:2      | You fall into a shaft and drop 2 floors!
   871 | D:4      | Reached XP level 3. HP: 31/31 MP: 2/2
   924 | D:3      | HP: 2/46 [orc/+0 hand axe (3)]
   925 | D:3      | Reached XP level 4. HP: 2/39 MP: 3/3
   927 | D:3      | Killed from afar by an orc wizard

Levels and vault maps discovered:
D:1:      evilmike_arrival_run_for_it, layout_loops_corners, serial_bayou_pond_c
D:2:      layout_basic, minmay_misc_feat_x, minmay_pentomino_x4
D:3:      layout_rooms, nicolae_ru_great_annihilating_truth
D:4:      layout_basic, minmay_temple_entry_large_hall, first_ration,
          lemuel_another_geyser

Skill      XL: |  1  2  3 |
---------------+----------+-----
Shields        | 4 |  4.9
Maces & Flails | 3 4 |  4.1
Fighting       | |  3.6
Armour         | |  3.6

Action                   |  1- 3 |  4- 6 || total
-------------------------+-------+-------++-------
Melee: Flail             |    83 |     2 ||    85
       Headbutt          |     9 |       ||     9
Throw: Stone             |     2 |       ||     2
  Use: Potion            |     1 |       ||     1
Armor: Scale mail        |    30 |     2 ||    32
Dodge: Dodged            |    37 |     1 ||    38
Block: Shield            |    51 |     1 ||    52
